 Dungeon Crawl Stone Soup version 0.28.0 (webtiles) character file.

Game seed: 4437194263953117492

24189 MacCMillion the Grappler (level 12, -2/120 HPs)
             Began as a Troll Monk on Feb 12, 2022.
             Was a High Priest of Makhleb.
             Slain by an eight-headed hydra (8 damage)
             ... on level 4 of the Lair of Beasts.
             The game lasted 00:39:51 (11748 turns).

MacCMillion the Grappler (Troll Monk)              Turns: 11748, Time: 00:39:52

Health: -2/120     AC:  8    Str: 26    XL:     12   Next: 78%
Magic:  0/17       EV: 20    Int:  6    God:    Makhleb [*****.]
Gold:   776        SH:  0    Dex: 12    Spells: 11/11 levels left

rFire   + . .      SeeInvis .     - Unarmed
rCold   . . .      Faith    .   (no shield)
rNeg    . . .      Spirit   +   B - +0 steam dragon scales
rPois   .          Reflect  .   (helmet restricted)
rElec   .          Harm     .   (no cloak)
rCorr   .          Rampage  .   (gloves unavailable)
Will    .....                   (boots unavailable)
Stlth   ++........              R - amulet of guardian spirit
HPRegen 1.10/turn               e - +4 ring of evasion
MPRegen 0.15/turn               k - ring of protection from fire

@: agile, lethally poisoned (-2 -> -3), slowed, very slow
A: large, unfitting armour, claws 3, regeneration 1, shaggy fur 1, tough skin 1
a: Renounce Religion, Minor Destruction, Lesser Servant of Makhleb, Major
Destruction, Greater Servant of Makhleb


You were on level 4 of the Lair of Beasts.
You worshipped Makhleb.
Makhleb was extremely pleased with you.
You visited 2 branches of the dungeon, and saw 14 of its levels.
You visited the Abyss 1 time.
You also visited: Sewer.

You collected 776 gold pieces.

Inventory:

Hand Weapons
 s - a +1 flail of holy wrath
Missiles
 n - 14 poisoned darts
 r - 16 javelins
 v - 9 silver boomerangs
 z - 5 silver javelins
 E - a boomerang
 P - a throwing net
Armour
 B - +0 steam dragon scales (worn)
Jewellery
 a - a +6 ring of intelligence
 e - a +4 ring of evasion (left claw)
 k - a ring of protection from fire (right claw)
 t - a +4 ring of evasion
 I - a ring of positive energy
 N - a ring of wizardry
 R - an amulet of guardian spirit (around neck)
Wands
 w - a wand of polymorph (7)
 x - a wand of charming (21)
 y - a wand of flame (42)
 A - a wand of iceblast (34)
 G - a wand of acid (12)
 Q - a wand of digging (20)
Scrolls
 b - a scroll of teleportation
 d - 4 scrolls of silence
 i - 2 scrolls of enchant weapon
 o - a scroll of fog
 p - 4 scrolls of brand weapon
 q - 2 scrolls of amnesia
 u - 2 scrolls of fear
 C - a scroll of vulnerability {unknown}
 F - 2 scrolls of immolation {unknown}
 H - a scroll of summoning
 J - a scroll of magic mapping {unknown}
 L - 2 scrolls of noise {unknown}
 O - a scroll of torment
 S - 2 scrolls of enchant armour {unknown}
 U - a scroll of identify
Potions
 f - 3 potions of mutation
 h - a potion of magic
 j - 2 potions of haste {unknown}
 l - 4 potions of lignification {unknown}
 m - 3 potions of flight {unknown}
 D - a potion of invisibility {unknown}
 K - a potion of ambrosia {unknown}
 M - 2 potions of cancellation {unknown}
 T - a potion of brilliance {unknown}


   Skills:
 + Level 8.2 Fighting
 + Level 6.5 Armour
 - Level 5.0 Dodging
 - Level 1.0 Stealth
 + Level 14.5 Unarmed Combat
 * Level 9.3 Invocations


You had 11 spell levels left.
You didn't know any spells.
Your spell library contained the following spells:

 Spells                   Type           Power      Damage    Failure   Level
 Slow                     Hex            0%         N/A       45%         1
 Scorch                   Fire           0%         2d5       58%         2
 Static Discharge         Conj/Air       0%         N/A       58%         2
 Confusing Touch          Hex            0%         N/A       83%         3
 Conjure Flame            Conj/Fire      0%         6-21      83%         3
 Frozen Ramparts          Ice            0%         1d2       83%         3
 Gell's Gravitas          Tloc           0%         N/A       83%         3
 Ignite Poison            Fire/Tmut/Pois 0%         N/A       83%         3
 Stone Arrow              Conj/Erth      0%         3d7       83%         3
 Teleport Other           Tloc           0%         N/A       83%         3
 Vampiric Draining        Necr           0%         2d6       83%         3
 Animate Armour           Summ/Erth      0%         N/A       99%         4
 Dispel Undead            Necr           0%         3d6       99%         4
 Flame Wave               Conj/Fire      0%         2d4       99%         4
 Ice Form                 Ice/Tmut       0%         N/A       99%         4
 Leda's Liquefaction      Hex/Erth       0%         N/A       99%         4
 Sticky Flame             Conj/Fire      0%         2d3       99%         4
 Summon Ice Beast         Ice/Summ       0%         N/A       99%         4
 Lee's Rapid Deconstruct  Erth           0%         3d5*      100%        5
 Dispersal                Tloc           0%         N/A       100%        6
 Statue Form              Tmut/Erth      0%         N/A       100%        6
 Summon Cactus Giant      Summ           0%         N/A       100%        6
 Lehudib's Crystal Spear  Conj/Erth      0%         10d2      100%        8


Dungeon Overview and Level Annotations

Branches:
Dungeon (10/15)            Temple (0/1) D:6            Lair (4/6) D:8
 Shoals (0/4) Lair:4       Spider (0/4) Lair:4        Sewer (visited)
    Orc: D:9-12

Altars:
Cheibriados
Gozag
Makhleb
Ru
Trog
Uskayaw
Vehumet
Wu Jian
Yredelemnul
The Shining One

Shops:
D:3 !   D:5 (   D:8 *

Annotations:
D:7 2 transporters, Ijustatesigmund's ghost, novice GrFi
D:8 2 transporters, exclusion: death knight
Lair:4 Nergalle


Innate Abilities, Weirdness & Mutations

You are too large for most types of armour.
You have claws for hands.
Your natural rate of healing is unusually fast.
You are covered in fur. (AC +1)
You have tough skin. (AC +1)


Message History

Your ufetubus barely misses Sonja.
Your ynoxinul misses Sonja.
The spectral orc warrior hits you with a +3 scimitar of electrocution.
* * * LOW HITPOINT WARNING * * *
You feel drained.
* * * LOW HITPOINT WARNING * * *
Nergalle gestures at you while chanting.
Orcish apparitions take form around you.
You feel sick.
Your ufetubus closely misses Sonja.
Your ufetubus misses Sonja.
Your ufetubus completely misses Sonja.
Your ufetubus closely misses Sonja.
Sonja throws a curare-tipped dart.
The curare-tipped dart barely misses your ynoxinul.
The curare-tipped dart hits the spectral orc warrior.
Your ynoxinul completely misses Sonja.
Your ufetubus completely misses Sonja. x2
Your ufetubus barely misses Sonja.
Your ufetubus hits Sonja but does no damage.
Sonja casts a spell.
Sonja blinks!
The spectral orc warrior completely misses you.
Your ynoxinul gestures at Sonja.
The iron shot hits Sonja!!
Sonja dies!
Makhleb accepts your kill.
The spectral orc warrior barely misses you.
Your life force feels restored.
Unknown command.
Your surroundings suddenly seem different.
An eight-headed hydra comes into view.
Found a wand of digging (7) and a long sword.
Found a stone staircase leading up.
You feel sick.
The eight-headed hydra roars!
You feel sick.
You feel sick.
The eight-headed hydra barely misses you.
The eight-headed hydra misses you. The eight-headed hydra bites you!
* * * LOW HITPOINT WARNING * * *
The eight-headed hydra bites you!
* * * LOW HITPOINT WARNING * * *
The eight-headed hydra closely misses you.
The eight-headed hydra bites you!
You die...

.......#.#.# #.#†..##
#........# .# ###.###
#........ ##.##...# #
##....... . #..##.## #
#.......#.####..#..# #
##......#...# #.#†.# #
#...).....# #..## #
.###.........# #..#####
........D@...# #.##..#.
..../.........#
#.#.^...
.....#.....#.##
###.##'≈≈≈ .###
#..P#....###...#...≈.
#........###....#.>.≈≈
#.........#.#....#...≈.
#.....<.........###+≈≈.
.................#...^.
.........##.#.#


You could see an eight-headed hydra.

Vanquished Creatures
  A tentacled starspawn (Abyss:1)
  A two-headed ogre (D:9)
  4 death yaks
  Urug (Lair:1)
  An orb spider (Lair:4)
  Pikel (D:5)
  A manticore (Lair:4)
  2 black mambas (Lair:4)
  Maurice (D:9)
  Joseph (D:7)
  Maggie (D:8)
  4 cane toads
  4 komodo dragons
  4 rime drakes
  3 polar bears
  A wind drake (Lair:4)
  9 blink frogs
  A vampire (D:9)
  3 wyverns
  3 fire bats (Lair:2)
  Grum (D:8)
  4 basilisks
  24 yaks
  2 steam dragons
  Edmund (D:4)
  Menkaure (D:5)
  An acid dragon (D:9)
  8 water moccasins
  2 necrophages
  6 orc warriors
  3 black bears
  2 sky beasts (D:8)
  13 wolves
  An ogre (D:6)
  2 centaurs (D:8)
  A phantom (D:6)
  A kobold brigand (D:8)
  7 bullfrogs
  2 gnoll sergeants (D:9)
  A wyvern zombie (D:6)
  2 scorpions
  A wyvern skeleton (D:7)
  2 water moccasin zombies (D:5)
  A water moccasin skeleton (D:6)
  6 wights
  3 electric eels (Lair:2)
  2 howler monkeys (D:8)
  A centaur zombie (D:6)
  4 hounds
  2 centaur skeletons (D:5)
  2 gnoll shamans
  2 orc priests
  An iron imp (Abyss:1)
  A bullfrog skeleton (D:6)
  5 iguanas
  Terence (D:3)
  Natasha (thrice) (D:4)
  4 orc wizards
  Ijyb (D:5)
  A mummy (D:7)
  2 howler monkey zombies
  16 gnolls
  8 adders
  3 river rats (Sewer)
  A shadow imp (D:7)
  2 white imps
  2 ufetubi
  2 worms
  3 dart slugs
  33 orcs
  9 ball pythons
  6 endoplasms
  4 giant cockroaches
  3 goblins
  4 hobgoblins
  3 jackals (D:3)
  3 quokkas
  A bat (D:1)
  10 frilled lizards
  10 kobolds
  12 rats
312 creatures vanquished.

Vanquished Creatures (collateral kills)
  Sonja (Lair:4)
  A bullfrog (Lair:4)
2 creatures vanquished.

Vanquished Creatures (others)
  48 fungi
  59 plants
  2 starspawn tentacles (Abyss:1)
109 creatures vanquished.

Grand Total: 423 creatures vanquished

Notes
Turn   | Place    | Note
-------+----------+-------------------------------------------
     0 | D:1      | MacCMillion the Troll Monk began the quest for the Orb.
     0 | D:1      | Reached XP level 1. HP: 22/22 MP: 0/0
   201 | D:1      | Reached XP level 2. HP: 25/29 MP: 1/1
   514 | D:2      | Reached XP level 3. HP: 36/36 MP: 2/2
   523 | D:2      | Found a radiant altar of Vehumet.
   970 | D:3      | Found a faded altar of an unknown god.
   983 | D:3      | Found Nunahecva's Distillery.
  1113 | D:3      | Found a glowing drain.
  1140 | Sewer    | Entered a sewer
  1164 | Sewer    | Reached XP level 4. HP: 41/45 MP: 3/3
  1242 | Sewer    | Reached skill level 4 in Unarmed Combat
  1636 | D:3      | Reached XP level 5. HP: 53/53 MP: 4/4
  1676 | D:3      | Noticed Terence
  1681 | D:3      | Killed Terence
  1941 | D:4      | Found an ornate altar of the Wu Jian Council.
  1971 | D:4      | Reached skill level 5 in Unarmed Combat
  1990 | D:4      | Reached XP level 6. HP: 59/62 MP: 5/5
  2174 | D:4      | Noticed Natasha
  2179 | D:4      | Killed Natasha
  2264 | D:4      | Noticed Edmund
  2267 | D:4      | Noticed Natasha
  2279 | D:4      | Killed Edmund
  2283 | D:4      | Killed Natasha
  2284 | D:4      | Reached skill level 6 in Unarmed Combat
  2538 | D:4      | Noticed Natasha
  2553 | D:4      | Killed Natasha
  2651 | D:4      | Found an opulent altar of Gozag.
  2653 | D:4      | Found a glowing golden altar of the Shining One.
  2654 | D:4      | Found a basalt altar of Yredelemnul.
  2655 | D:4      | Found a burning altar of Makhleb.
  2663 | D:4      | Became a worshipper of Makhleb the Destroyer
  2663 | D:4      | Reached * piety under Makhleb
  2663 | D:4      | Reached ** piety under Makhleb
  2900 | D:5      | Entered Level 5 of the Dungeon
  2909 | D:5      | Reached XP level 7. HP: 71/71 MP: 6/6
  2925 | D:5      | Noticed Pikel
  2944 | D:5      | Killed Pikel
  2945 | D:5      | Reached skill level 5 in Fighting
  2945 | D:5      | Reached skill level 7 in Unarmed Combat
  2945 | D:5      | Reached XP level 8. HP: 71/80 MP: 6/9
  2978 | D:5      | Noticed Ijyb
  2988 | D:5      | Killed Ijyb
  3165 | D:5      | Noticed Menkaure
  3168 | D:5      | Killed Menkaure
  3169 | D:5      | Reached skill level 8 in Unarmed Combat
  3471 | D:5      | Found Plog's Antique Weapon Emporium.
  3748 | D:6      | Reached skill level 5 in Invocations
  3775 | D:6      | Found a hide-covered altar of Uskayaw.
  3776 | D:6      | Found a bloodstained altar of Trog.
  3843 | D:6      | Reached skill level 9 in Unarmed Combat
  3877 | D:6      | Reached *** piety under Makhleb
  3902 | D:6      | Reached XP level 9. HP: 88/88 MP: 11/11
  4010 | D:6      | Found a staircase to the Ecumenical Temple.
  4393 | D:7      | Reached skill level 10 in Unarmed Combat
  4399 | D:7      | Noticed Joseph
  4432 | D:7      | Killed Joseph
  4633 | D:7      | Found a snail-covered altar of Cheibriados.
  4709 | D:7      | Reached skill level 11 in Unarmed Combat
  4855 | D:7      | Found a transporter.
  4856 | D:7      | Noticed Ijustatesigmund's ghost (novice GrFi)
  4862 | D:7      | Found a transporter.
  4998 | D:8      | Found a sacrificial altar of Ru.
  5198 | D:8      | Found a transporter.
  5233 | D:8      | Reached **** piety under Makhleb
  5262 | D:8      | Noticed Grum
  5272 | D:8      | Reached skill level 1 in Armour
  5275 | D:8      | Killed Grum
  5289 | D:8      | Reached XP level 10. HP: 74/96 MP: 12/12
  5779 | D:8      | Reached skill level 12 in Unarmed Combat
  5784 | D:8      | Reached ***** piety under Makhleb
  5788 | D:8      | Found a staircase to the Lair.
  5903 | D:8      | Found Lubearphej's Fire Supplies.
  5961 | D:8      | Noticed Maggie
  5981 | D:8      | Killed Maggie
  6136 | D:8      | Noticed a death knight
  6163 | D:8      | Found a transporter.
  6529 | D:9      | Reached skill level 5 in Dodging
  6935 | D:9      | Noticed a two-headed ogre
  6941 | D:9      | Killed a two-headed ogre
  6942 | D:9      | Reached XP level 11. HP: 107/107 MP: 13/13
  7032 | D:9      | Noticed Maurice
  7070 | D:9      | Killed Maurice
  7356 | D:10     | Entered Level 10 of the Dungeon
  7620 | Lair:1   | Entered Level 1 of the Lair of Beasts
  8141 | Lair:1   | Reached skill level 13 in Unarmed Combat
  8238 | Lair:1   | Reached skill level 5 in Armour
  8561 | Lair:1   | Noticed Urug
  8569 | Lair:1   | Killed Urug
  9588 | Lair:2   | Reached XP level 12. HP: 118/118 MP: 16/16
 10080 | Lair:3   | Noticed a death yak
 10081 | Lair:3   | Noticed a death yak
 10082 | Lair:3   | Noticed a death yak
 10083 | Lair:3   | Noticed a death yak
 10165 | Lair:2   | Killed a death yak
 10166 | Lair:2   | Reached skill level 14 in Unarmed Combat
 10541 | Lair:3   | Noticed a blizzard demon
 10724 | Lair:3   | Killed a death yak
 10729 | Lair:3   | Killed a death yak
 10774 | Lair:3   | Killed a death yak
 11267 | Lair:4   | Found a hole to the Spider Nest.
 11374 | Lair:4   | Found a staircase to the Shoals.
 11644 | Lair:4   | Noticed Sonja
 11650 | Lair:4   | Cast into level 1 of the Abyss (Sonja)
 11656 | Abyss:1  | Noticed a tentacled starspawn
 11661 | Abyss:1  | Killed a tentacled starspawn
 11728 | Lair:4   | Escaped the Abyss
 11741 | Lair:4   | Noticed Nergalle
 11745 | Lair:4   | Killed Sonja
 11746 | Lair:4   | Noticed an eight-headed hydra
 11748 | Lair:4   | HP: 6/120 [eight-headed hydra (11)]
 11748 | Lair:4   | Slain by an eight-headed hydra

Illustrated notes

Levels and vault maps discovered:
D:1:      dpeg_arrival_castle, layout_rooms, kennysheep_decorative_pillar
D:2:      layout_rooms, basic_altar, minmay_quadrilaterals
D:3:      layout_basic, portal_sewer_entry_c, serial_shops, shop,
          basic_ecumenical_altar, uniq_terence
D:4:      layout_layer_cave, nicolae_wu_jian_wuxing_cycle,
          grunt_temple_overflow_open, corexii_corridor_pit, uniq_edmund,
          uniq_natasha
D:5:      layout_loops_ring, serial_shops, nicolae_square_shop,
          supply_closet_lemuel, uniq_menkaure, uniq_pikel, uniq_ijyb
D:6:      minmay_angry_zag, layout_rooms, nicolae_overflow_squiral,
          minmay_temple_entry_nine_rooms
D:7:      layout_basic, slow_altar_1, gammafunk_ghost_smash, uniq_joseph
D:8:      gammafunk_cloud_chamber, layout_loops_corners,
          nicolae_ru_awakened_eye, due_lair_maze_entry_diamond, special_room
          [special_room_orc], nicolae_shop_fire_sale [nicolae_sub_dead_trees],
          uniq_grum, uniq_maggie
D:9:      layout_stronghold, uniq_maurice
D:10:     layout_cave_pools, zin_statuary, nicolae_qazlal_scattered_showers
Lair:1:   layout_regular_city, grunt_megastairs_4, uniq_urug
Lair:2:   layout_gridlike, serial_bayou_shore_a, grunt_megastairs_1,
          lemuel_fruit_tree
Lair:3:   layout_gridlike, guppyfry_lair_drakes, grunt_megastairs_5
Lair:4:   layout_hall_layers, minmay_shoals_entry_beasts,
          nicolae_spider_entry_orb_guardian, serial_bayou_shore_b, uniq_sonja,
          uniq_nergalle

Skill      XL: |  1  2  3  4  5  6  7  8  9 10 11 12 |
---------------+-------------------------------------+-----
Fighting       | 3 4 5 6 7 8 |  8.2
Dodging        | 3 5 |  5.0
Unarmed Combat | 4 5 6 7 9 11 12 13 14 | 14.5
Invocations    | 2 5 7 9 |  9.3
Armour         | 1 4 5 6 |  6.5
Stealth        | |  1.0

Action                   |  1- 3 |  4- 6 |  7- 9 | 10-12 || total
-------------------------+-------+-------+-------+-------++-------
Melee: Unarmed           |    93 |   127 |   246 |   512 ||   978
       Punch             |     2 |     3 |    11 |    33 ||    49
Invok: Minor Destruction |       |       |       |    92 ||    92
       Lesser Servant of |       |       |       |     4 ||     4
       Major Destruction |       |       |       |     7 ||     7
       Greater Servant o |       |       |       |     1 ||     1
  Use: Scroll            |     5 |       |     8 |     2 ||    15
       Potion            |       |       |       |     3 ||     3
 Stab: Sleeping          |     1 |     5 |     1 |     1 ||     8
Armor: Robe              |    30 |    26 |    32 |       ||    88
       Steam dragon scal |       |       |     7 |    84 ||    91
Dodge: Dodged            |    42 |    53 |   162 |   398 ||   655
